 Dungeon Crawl Stone Soup version 0.21-a0-421-gfc1ce30 (webtiles) character file.

36 varam the Bolt Thrower (level 3, 0/29 HPs)
             Began as a Centaur Hunter on Nov 4, 2017.
             Slain by an adder (3 damage)
             ... on level 2 of the Dungeon.
             The game lasted 00:04:10 (707 turns).

varam the Bolt Thrower (Centaur Hunter)              Turns: 707, Time: 00:04:11

Health: 0/29       AC:  5    Str: 14    XL:     3   Next: 19%
Magic:  3/3        EV:  9    Int: 10    God:
Gold:   82         SH:  0    Dex: 10    Spells: 2/2 levels left

rFire    . . .     SeeInvis .   b - +0 short sword
rCold    . . .     Gourm    .   (no shield)
rNeg     . . .     Faith    .   c - +0 leather armour
rPois    .         Spirit   .   (no helmet)
rElec    .         Reflect  .   (no cloak)
rCorr    .         Harm     .   j - +0 pair of gloves
MR       .....                  (no barding)
Stlth    +.........             i - amulet of magic regeneration
HPRegen  0.09/turn              (no ring)
MPRegen  0.33/turn              (no ring)

@: lethally poisoned (0 -> -3), very quick
A: hooves 3, deformed body, speed 2, tough skin 3
a: no special abilities


You were on level 2 of the Dungeon.
You were not hungry.

You visited 1 branch of the dungeon, and saw 2 of its levels.

You collected 82 gold pieces.

Inventory:

Hand Weapons
 a - a +1 hand crossbow
 b - a +0 short sword (weapon)
Missiles
 d - 9 bolts
Armour
 c - a +0 leather armour (worn)
 j - a +0 pair of gloves (worn)
Jewellery
 i - an amulet of magic regeneration (around neck)
Scrolls
 e - 2 scrolls of identify {unknown}
 k - a scroll of enchant weapon {unknown}
Comestibles
 f - a bread ration
 g - 4 chunks of flesh
 h - a royal jelly


   Skills:
 - Level 2.0 Fighting
 * Level 5.2 Crossbows
 + Level 1.9 Dodging
 - Level 0.4 Stealth


You had 2 spell levels left.
You didn't know any spells.

Dungeon Overview and Level Annotations

Branches:
Dungeon (2/15)

Altars:


Innate Abilities, Weirdness & Mutations

You have hooves in place of feet.
Armour fits poorly on your strangely shaped body.
You cover ground very quickly.
You have extremely tough skin. (AC +3)


Message History

The adder is severely wounded.
You feel sick. The adder bites you.
* * * LOW HITPOINT WARNING * * *
You hit the adder but do no damage. Your kick misses the adder.
The adder is severely wounded.
The adder bites you.
* * * LOW HITPOINT WARNING * * *
The adder bites you but does no damage.
You hit the adder.
The adder is almost dead.
The adder bites you.
* * * LOW HITPOINT WARNING * * *
You miss the adder.
The adder is almost dead.
* * * LOW HITPOINT WARNING * * *
You feel sick. The adder bites you but does no damage.
You miss the adder.
The adder is almost dead.
The adder closely misses you. The adder bites you.
You die...

######### ####
#.SS@...#
#....######(#####.#
.........##.#...#.#
#..S....#.#.#.#
#!S#.###.#.....#
#.# #.###.#.#####
#( ....>..<....#
!##.########.# #r
.#


You could see an adder and a ball python.

Vanquished Creatures
  A dart slug (D:1)
  A ball python (D:1)
  9 bats
  5 goblins
  A hobgoblin (D:1)
  5 jackals (D:1)
  A frilled lizard (D:2)
  4 kobolds (D:1)
  4 rats (D:1)
31 creatures vanquished.

Notes
Turn   | Place    | Note
-------+----------+-------------------------------------------
     0 | D:1      | varam the Centaur Hunter began the quest for the Orb.
     0 | D:1      | Reached XP level 1. HP: 17/17 MP: 1/1
    69 | D:1      | Reached XP level 2. HP: 24/24 MP: 2/2
   172 | D:1      | Reached skill level 5 in Crossbows
   408 | D:1      | Reached XP level 3. HP: 29/29 MP: 3/3
   707 | D:2      | Slain by an adder

Vault maps used:
D:1:      matt_arrival_grand_opening, st_stairs_6, minmay_misc_feat_roman
D:2:      kennysheep_cluttered_room, hex_intersection, minmay_pentomino_r4,
          uniq_terence

Skill      XL: |  1  2 |
---------------+-------+-----
Crossbows      | 5 |  5.2
Fighting       | |  2.0
Dodging        | |  1.9
Stealth        | |  0.4

Action                   || total
-------------------------++-------
Melee: Short sword       ||    15
       Kick              ||     3
 Fire: Hand crossbow     ||    61
Armor: Leather armour    ||    17
Dodge: Dodged            ||    16

Table legend:
 A = Spawn XP
 B = Non-spawn XP
 C = Spawn XP percentage of total XP
 D = Spawn monster count
 E = Non-spawn monster count
 F = Spawn count percentage of total count
 G = Total turns spent on level
                    A         B        C        D         E        F      G
               +---------+---------+-------+---------+---------+-------+---------
         Total |       0 |      52 |   0.0 |       0 |      31 |   0.0 |   707
               +---------+---------+-------+---------+---------+-------+---------
           D:1 |       0 |      47 |   0.0 |       0 |      27 |   0.0 |   664
           D:2 |       0 |       5 |   0.0 |       0 |       4 |   0.0 |    43
               +---------+---------+-------+---------+---------+-------+---------
